 Dungeon Crawl Stone Soup version 0.30.1-3-gfc49f6343a (webtiles) character file.

Game seed: 8737556598327721674

1707 ANON1729 the Trooper (level 8, -6/71 HPs)
             Began as a Minotaur Monk on Aug 9, 2023.
             Was a Follower of Uskayaw.
             Killed from afar by an electric eel (14 damage)
             ... with a bolt of electricity
             ... on level 5 of the Dungeon.
             The game lasted 00:01:32 (4119 turns).

ANON1729 the Trooper (Minotaur Monk)                Turns: 4119, Time: 00:01:33

Health: -6/71      AC:  8    Str: 17    XL:     8   Next: 73%
Magic:  10/10      EV: 13    Int:  9    God:    Uskayaw [*.....]
Gold:   170        SH:  0    Dex: 14    Spells: 7/7 levels left

rFire   + + .        v - +0 dagger (elec)
rCold   + + .        d - orb {light}
rNeg    . . .        y - +2 ring mail of Elyvilon's Fury {rF++ rC++ Int+2}
rPois   .            (helmet restricted)
rElec   .            (no cloak)
rCorr   .            (no gloves)
SInv    .            (no boots)
Will    .....        (no amulet)
Stlth   +            (no ring)
HPRegen 0.31/turn    (no ring)
MPRegen 0.12/turn

%: no passive effects
@: glowing
A: horns 2, retaliatory headbutt
a: Renounce Religion, Stomp


You were on level 5 of the Dungeon.
You worshipped Uskayaw.
Uskayaw was noncommittal.
You visited 2 branches of the dungeon, and saw 6 of its levels.

You collected 170 gold pieces.

Inventory:

Hand Weapons
 a - a +0 short sword
 p - a +0 short sword of holy wrath
 v - a +0 dagger of electrocution (weapon)
Armour
 b - a +0 robe
 d - an orb of light (worn)
 y - the +2 ring mail of Elyvilon's Fury (worn) {rF++ rC++ Int+2}
   (You found it on level 4 of the Dungeon)

   Int:       It affects your intelligence (+2).
   rF:        It greatly protects you from fire.
   rC:        It greatly protects you from cold.
Wands
 A - a wand of light (7)
 B - a wand of flame (17)
Scrolls
 e - 2 scrolls of identify {unknown}
 i - 2 scrolls of noise {unknown}
 j - 3 scrolls of amnesia {unknown}
 k - a scroll of immolation {unknown}
 l - 3 scrolls of fear {unknown}
 q - a scroll of vulnerability {unknown}
 r - 5 scrolls of teleportation {unknown}
 u - a scroll of poison {unknown}
 x - a scroll of fog {unknown}
 z - a scroll of torment {unknown}
Potions
 c - 3 potions of ambrosia
 f - 3 potions of mutation {unknown}
 g - 4 potions of brilliance {unknown}
 h - a potion of lignification {unknown}
 m - 2 potions of invisibility {unknown}
 n - 3 potions of curing {unknown}
 o - 2 potions of flight {unknown}
 s - a potion of cancellation {unknown}
 t - a potion of degeneration {unknown}
 w - a potion of heal wounds {unknown}


   Skills:
 + Level 6.9 Fighting
 + Level 6.4 Short Blades
 + Level 5.8 Armour
 + Level 6.3 Dodging
 + Level 4.7 Invocations


You had 7 spell levels left.
You didn't know any spells.
Your spell library contained the following spells:

 Spells                   Type           Power      Damage    Failure   Level
 Apportation              Tloc           0%         N/A       56%         1
 Freeze                   Ice            0%         1d3       56%         1
 Ensorcelled Hibernation  Hex/Ice        0%         N/A       71%         2
 Passwall                 Tmut/Erth      0%         N/A       71%         2
 Sublimation of Blood     Necr           0%         N/A       71%         2
 Wereblood                Tmut           0%         N/A       71%         2
 Dazzling Flash           Conj/Hex       0%         N/A       91%         3
 Frozen Ramparts          Ice            0%         1d1       91%         3
 Hailstorm                Conj/Ice       0%         3d3       91%         3
 Swiftness                Air            0%         N/A       91%         3
 Volatile Blastmotes      Fire/Tloc      0%         2d10      91%         3
 Iskenderun's Mystic Bla  Conj/Tloc      0%         2d3       100%        4
 Petrify                  Tmut/Erth      0%         N/A       100%        4
 Alistair's Intoxication  Tmut/Pois      0%         N/A       100%        5
 Arcjolt                  Conj/Air       0%         1d10      100%        5
 Irradiate                Conj/Tmut      0%         3d11      100%        5
 Conjure Ball Lightning   Conj/Air       0%         3x3d6     100%        6
 Starburst                Conj/Fire      0%         6d3       100%        6
 Summon Hydra             Summ           0%         N/A       100%        7


Dungeon Overview and Level Annotations

Branches:
Dungeon (5/15)             Temple (1/1) D:4

Altars:
Cheibriados
Nemelex Xobeh
Qazlal
Trog
Uskayaw
Xom
Zin


Innate Abilities, Weirdness & Mutations

You have a pair of horns on your head.
You reflexively headbutt those who attack you in melee.


Message History

The bolt of electricity hits the electric eel.
The electric eel completely resists.
The bolt of electricity hits you!
You are too injured to fight recklessly!
You are too injured to fight recklessly!
You are too injured to fight recklessly!
You are too injured to fight recklessly!
You are too injured to fight recklessly!
You are too injured to fight recklessly!
You are too injured to fight recklessly!
You are too injured to fight recklessly!
You are too injured to fight recklessly!
You are too injured to fight recklessly!
You are too injured to fight recklessly!
You are too injured to fight recklessly!
You are too injured to fight recklessly!
You are too injured to fight recklessly!
You are too injured to fight recklessly!
You are too injured to fight recklessly!
You are too injured to fight recklessly!
You are too injured to fight recklessly!
You are too injured to fight recklessly!
You are too injured to fight recklessly!
You are too injured to fight recklessly!
You are too injured to fight recklessly!
You are too injured to fight recklessly!
The electric eel shoots out a bolt of lightning at you!
The bolt of electricity hits the electric eel.
The electric eel completely resists.
The bolt of electricity hits the plant!
The bolt of electricity hits you.
* * * LOW HITPOINT WARNING * * *
The electric eel shoots out a bolt of lightning at you!
The bolt of electricity hits the plant!
The bolt of electricity hits you!
* * * LOW HITPOINT WARNING * * *
Okay, then.
Unknown command.
A nearby plant withers and dies.
The electric eel shoots out a bolt of lightning at you!
The bolt of electricity hits the electric eel.
The electric eel completely resists.
The bolt of electricity hits you!
You die...

##.# ##.#####~#########..#
#..# ###≈≈≈##~†...##...##
##.## #≈≈.SS######~##...# #..#
#$[:~.##≈S≈##~#...# #..#
#!~.S~#≈≈~≈≈#~#...# #.##
#.~.~P#.).~|#~#...# ..###
#.....#..PP$#~#..## ))..###
#.....#PP.P.#.#...# .))...###
###@..##.....#.#....
##......### #..##### #.#....
####......#####..†~~##+
##.#.##. #
####......######~..####.######
### ###......######..~~~##
..##### ####......#########
......########........#...##
............####....####...##
######.............## ##...# #


You could see 3 electric eels.

Vanquished Creatures
  Pikel (D:5)
  A yak (D:5)
  Edmund (D:5)
  A water moccasin (D:5)
  A black bear (D:5)
  An ice beast (D:5)
  3 lemures (D:5)
  2 phantoms
  2 scorpions (D:4)
  2 hounds
  2 jellies
  An orc priest (D:4)
  A sleepcap (D:5)
  2 iguanas (D:5)
  2 orc wizards (D:5)
  4 adders
  A shadow imp (D:5)
  3 worms
  2 dart slugs
  10 orcs
  4 ball pythons
  3 bats
  9 endoplasms
  2 giant cockroaches
  4 hobgoblins
  10 jackals
  7 kobolds
  4 quokkas
  4 frilled lizards
  5 goblins
  6 rats
101 creatures vanquished.

Notes
Turn   | Place    | Note
-------+----------+-------------------------------------------
     0 | D:1      | ANON1729 the Minotaur Monk began the quest for the Orb.
     0 | D:1      | Reached XP level 1. HP: 19/19 MP: 0/0
    93 | D:1      | Reached XP level 2. HP: 27/27 MP: 1/1
   103 | D:1      | Reached skill level 1 in Armour
   268 | D:1      | Reached skill level 1 in Invocations
   381 | D:1      | Reached XP level 3. HP: 23/33 MP: 2/2
  1376 | D:3      | Reached XP level 4. HP: 30/40 MP: 4/4
  1898 | D:4      | Reached XP level 5. HP: 28/47 MP: 5/5
  2252 | D:4      | Found a staircase to the Ecumenical Temple.
  2499 | Temple   | Entered the Ecumenical Temple
  2673 | Temple   | Became a worshipper of Uskayaw the Reveller
  2673 | Temple   | Reached * piety under Uskayaw
  2744 | D:4      | Noticed a phantom
  2749 | D:4      | Killed a phantom
  2749 | D:4      | Reached ** piety under Uskayaw
  2750 | D:4      | Reached XP level 6. HP: 55/55 MP: 6/6
  2786 | D:4      | Reached skill level 5 in Fighting
  2897 | D:4      | Identified the +2 ring mail of Elyvilon's Fury {rF++ rC++
                  | Int+2}
  3214 | D:5      | Entered Level 5 of the Dungeon
  3214 | D:5      | Noticed an ice beast
  3225 | D:5      | Killed an ice beast
  3225 | D:5      | Reached *** piety under Uskayaw
  3446 | D:5      | Reached skill level 5 in Short Blades
  3446 | D:5      | Reached skill level 5 in Dodging
  3446 | D:5      | Reached XP level 7. HP: 56/61 MP: 8/8
  3630 | D:5      | Noticed Edmund
  3633 | D:5      | Noticed Pikel
  3640 | D:5      | Killed Edmund
  3647 | D:5      | Reached **** piety under Uskayaw
  3651 | D:5      | Killed Pikel
  3651 | D:5      | Reached ***** piety under Uskayaw
  3652 | D:5      | Reached skill level 5 in Armour
  3652 | D:5      | Reached XP level 8. HP: 58/71 MP: 8/10
  3765 | D:5      | Got Mylua's Quarto of Conjuration
  4119 | D:5      | Killed from afar by an electric eel

Illustrated notes

Levels and vault maps discovered:
D:1:      dpeg_arrival_simpleton_a, layout_rooms
D:2:      layout_basic
D:3:      layout_rooms, corexii_hall_statues_deadend
D:4:      layout_loops_corners, minmay_temple_entry_stoned_glass
D:5:      cheibrodos_two_vegetables, layout_cave_pods, grunt_ministairs_1,
          uniq_pikel, uniq_edmund
Temple:   mainiacjoe_temple_cubbyholes

Skill      XL: |  1  2  3  4  5  6  7 |
---------------+----------------------+-----
Armour         | 1 2 3 5 |  5.8
Invocations    | 1 2 3 4 |  4.7
Fighting       | 4 5 6 |  6.9
Short Blades   | 4 5 6 |  6.4
Dodging        | 4 5 6 |  6.3

Action                     |  1- 3 |  4- 6 |  7- 9 || total
---------------------------+-------+-------+-------++-------
  Melee: Short sword       |    93 |    38 |       ||   131
         Headbutt          |    18 |    27 |    27 ||    72
         Dagger            |       |    54 |    76 ||   130
    Use: Potion            |       |     1 |       ||     1
   Stab: Paralysed         |       |       |     4 ||     4
 Armour: Robe              |    16 |     8 |       ||    24
         Ring mail         |       |     7 |    22 ||    29
  Dodge: Dodged            |    60 |    49 |    36 ||   145
